 Dungeon Crawl Stone Soup version 0.30-a0-570-g486de37d69 (webtiles) character file.

Game seed: 12631308414655922734

191 rsvaco the Covered (level 5, -3/47 HPs)
             Began as a Minotaur Fighter on Dec 29, 2022.
             Was an Initiate of Okawaru.
             Slain by a steam dragon (6 damage)
             ... on level 7 of the Dungeon.
             The game lasted 00:11:52 (2997 turns).

rsvaco the Covered (Minotaur Fighter)               Turns: 2997, Time: 00:11:52

Health: -3/47      AC: 12    Str: 22    XL:     5   Next: 42%
Magic:  4/4        EV:  6    Int:  5    God:    Okawaru [......]
Gold:   225        SH:  8    Dex: 10    Spells: 4/4 levels left

rFire   + . .      SeeInvis .    t - +1 spear (vamp)
rCold   . . .      Faith    .    i - +0 kite shield
rNeg    . . .      Spirit   .    m - +0 chain mail
rPois   .          Reflect  .    (helmet restricted)
rElec   .          Harm     .    u - +0 cloak
rCorr   .          Rampage  .    (no gloves)
Will    +....                    z - +0 pair of boots Stlth
                                 (no amulet)
HPRegen 0.27/turn                A - ring of willpower
MPRegen 0.09/turn                l - ring of protection from fire

@: no status effects
A: horns 2, retaliatory headbutt
a: Renounce Religion


You were on level 7 of the Dungeon.
You worshipped Okawaru.
Okawaru was noncommittal.
You visited 1 branch of the dungeon, and saw 5 of its levels.

You collected 225 gold pieces.

Inventory:

Hand Weapons
 a - a +0 long sword
 b - a +0 bardiche
 h - a +1 short sword of protection
 t - a +1 vampiric spear (weapon)
Missiles
 j - 12 poisoned darts (quivered)
 x - 15 stones
 y - 3 boomerangs
Armour
 i - a +0 kite shield (worn)
 m - a +0 chain mail (worn)
 r - a +0 helmet
 u - a +0 cloak (worn)
 z - a +0 pair of boots (worn)
Jewellery
 l - a ring of protection from fire (right hand)
 w - a ring of ice
 A - a ring of willpower (left hand)
 F - a +5 ring of evasion
Wands
 o - a wand of mindburst (13)
 s - a wand of polymorph (6)
 G - a wand of flame (19)
Scrolls
 c - a scroll of vulnerability {unknown}
 e - a scroll of fear {unknown}
 g - a scroll of silence {unknown}
 k - a scroll of magic mapping
 q - a scroll of blinking {unknown}
 v - a scroll of poison
 C - a scroll of teleportation {unknown}
 E - a scroll of brand weapon
Potions
 d - a potion of might
 f - 2 potions of attraction {unknown}
 n - 2 potions of flight {unknown}
 p - a potion of invisibility {unknown}
 B - a potion of heal wounds {unknown}
 D - a potion of mutation {unknown}
 H - a potion of brilliance {unknown}
 I - 2 potions of magic {unknown}
 J - a potion of lignification {unknown}


   Skills:
 + Level 4.6 Fighting
 + Level 3.2 Long Blades
 + Level 2.3 Polearms
 + Level 5.0 Armour
 + Level 1.8 Dodging
 + Level 4.1 Shields


You had 4 spell levels left.
You didn't know any spells.
Your spell library was empty.

Dungeon Overview and Level Annotations

Branches:
Dungeon (7/15)
 Temple: D:4-7

Altars:
Okawaru


Innate Abilities, Weirdness & Mutations

You have a pair of horns on your head.
You reflexively headbutt those who attack you in melee.


Message History

Beogh smites you!
* * * LOW HITPOINT WARNING * * *
The bullfrog is engulfed in a cloud of scalding steam.
The bullfrog hits you but does no damage.
The orc is engulfed in a cloud of scalding steam.
The orc dies!
The orc warrior is engulfed in a cloud of scalding steam.
The bullfrog hits you but does no damage.
The orc warrior is engulfed in a cloud of scalding steam.
The ice beast is engulfed in a cloud of scalding steam.
The bullfrog is engulfed in a cloud of scalding steam.
The bullfrog hits you but does no damage.
You block the steam dragon's attack.
The steam dragon claws you but does no damage.
The bullfrog attacks as you move away! The bullfrog barely misses you.
You furiously retaliate!
You headbutt the bullfrog!
The steam dragon attacks as you move away!
The steam dragon bites you but does no damage.
The steam dragon claws you but does no damage.
You block the bullfrog's attack.
The bullfrog hits you but does no damage.
You block the bullfrog's attack. x2
The orc warrior attacks as you move away!
The orc warrior hits you but does no damage.
The bullfrog attacks as you move away!
The bullfrog hits you but does no damage.
You block the steam dragon's attack.
The steam dragon claws you but does no damage.
You block the bullfrog's attack. The bullfrog attacks as you move away!
You block the bullfrog's attack.
The steam dragon attacks as you move away!
The steam dragon bites you.
* * * LOW HITPOINT WARNING * * *
The steam dragon claws you but does no damage.
The orc warrior attacks as you move away!
The orc warrior hits you with a +0 long sword!
* * * LOW HITPOINT WARNING * * *
The steam dragon attacks as you move away!
The steam dragon bites you.
You die...

##..............####...
##.............#........
##............###........
###........................
##...............#..........
#................#..........
#.....#.##......#........
#......##.............
##.....##.@.....#. ...
#........oFD##..# ....
#..............Y.##.###....
#....#......#....Y..........
................o.......)###
...............#o.......##
........##.....#[.......#
......####...####o......##..
..... #...# #...........


You could see a steam dragon, an orc warrior, 2 ice beasts, a bullfrog, an orc
priest, an orc wizard and an orc.

Vanquished Creatures
  A hound (D:4)
  Robin (D:2)
  6 adders
  4 worms
  2 dart slugs (D:1)
  6 orcs
  7 bats
  3 endoplasms
  5 giant cockroaches
  5 goblins (D:2)
  13 hobgoblins
  3 quokkas
  6 ball pythons
  5 frilled lizards
  10 kobolds
  2 rats
79 creatures vanquished.

Vanquished Creatures (others)
  An orc (D:7)
1 creature vanquished.

Grand Total: 80 creatures vanquished

Notes
Turn   | Place    | Note
-------+----------+-------------------------------------------
     0 | D:1      | rsvaco the Minotaur Fighter began the quest for the Orb.
     0 | D:1      | Reached XP level 1. HP: 19/19 MP: 0/0
    47 | D:1      | Reached skill level 4 in Armour
    99 | D:1      | Reached XP level 2. HP: 27/27 MP: 1/1
   571 | D:2      | Reached XP level 3. HP: 33/33 MP: 2/2
  1001 | D:2      | Noticed Robin
  1016 | D:2      | Killed Robin
  1192 | D:3      | Reached XP level 4. HP: 41/41 MP: 3/3
  1329 | D:3      | Found an iron altar of Okawaru.
  1769 | D:3      | Reached skill level 5 in Armour
  1972 | D:3      | Became a worshipper of Warmaster Okawaru
  2174 | D:4      | Reached skill level 1 in Polearms
  2357 | D:4      | Reached XP level 5. HP: 47/47 MP: 4/4
  2445 | D:4      | Reached skill level 1 in Dodging
  2897 | D:4      | You fall into a shaft and drop 3 floors!
  2977 | D:7      | Noticed a steam dragon
  2981 | D:7      | Noticed an orc warrior
  2982 | D:7      | Noticed an ice beast
  2983 | D:7      | Noticed an ice beast
  2997 | D:7      | Slain by a steam dragon

Illustrated notes

Levels and vault maps discovered:
D:1:      lightli_arrival_statue_moat, layout_rooms
D:2:      layout_basic, uniq_robin
D:3:      minmay_bubble_buster, layout_loops_ring, okawaru_trees_1,
          chequers_decorated_corner, hangedman_decor_opposing,
          minmay_misc_feat_pillars
D:4:      layout_cave_pods, minmay_surrounded
D:7:      layout_cave_pools, general_overflow_altar

Skill      XL: |  1  2  3  4  5 |
---------------+----------------+-----
Armour         | 4 5 |  5.0
Fighting       | 4 |  4.6
Shields        | 4 |  4.1
Long Blades    | 3 |  3.2
Polearms       | 1 2 |  2.3
Dodging        | 1 |  1.8

Action                   |  1- 3 |  4- 6 || total
-------------------------+-------+-------++-------
Melee: Long sword        |   101 |       ||   101
       Headbutt          |    13 |    12 ||    25
       Spear             |     4 |   125 ||   129
Throw: Dart              |       |     4 ||     4
  Use: Scroll            |       |     6 ||     6
Armor: Scale mail        |    45 |       ||    45
       Chain mail        |    19 |    59 ||    78
Dodge: Dodged            |    45 |    32 ||    77
Block: Buckler           |    12 |       ||    12
       Kite shield       |    15 |    62 ||    77

Table legend: (Time is in decaauts)
 A = Elapsed time spent in this place.
 B = Non-inter-level travel time spent in this place.
 C = Inter-level travel time spent in this place.
 D = Time resting spent in this place.
 E = Time spent auto-exploring this place.
 F = Levels seen in this place.
 G = Mean time per level.
                   A        B        C        D        E       F      G
               +--------+--------+--------+--------+--------+-----+--------+
         Total |   3068 |   2923 |    145 |      0 |   1706 |   5 |  613.6 |
       Dungeon |   3068 |   2923 |    145 |      0 |   1706 |   5 |  613.6 |
               +--------+--------+--------+--------+--------+-----+--------+

Top non-repeatable levels by time:
     D:3: 917 daAuts
     D:2: 846 daAuts
     D:4: 827 daAuts
     D:1: 377 daAuts
     D:7: 99 daAuts
